 Dungeon Crawl Stone Soup version 0.30-a0-1094-g860fb061e7 (webtiles) character file.

Game seed: 10326228796330021314

42 lunkers the Slasher (level 4, -4/37 (38) HPs)
             Began as a Meteoran Fighter on Apr 17, 2023.
             Was a Follower of Ashenzari.
             Killed from afar by Robin (8 damage)
             ... with a bolt of light
             ... on level 2 of the Dungeon.
             The game lasted 00:01:23 (649 turns).

lunkers the Slasher (Meteoran Fighter)               Turns: 649, Time: 00:01:24

HP:   -4/37 (38)    AC:  8    Str: 17    XL:     4   Next: 5%
MP:   5/5           EV:  9    Int: 10    God:    Ashenzari [*.....]
Gold: 69            SH:  0    Dex: 15    Spells: 3/3 levels left

rFire   . . .      SeeInvis .    a - +0 long sword
rCold   . . .      Faith    .    c - +0 buckler
rNeg    . . .      Spirit   .    b - +0 scale mail "At What Cost Knowledge?" {Melee, Cun} (curse)
rPois   .          Reflect  .    (no helmet)
rElec   .          Rampage  .    (no cloak)
rCorr   .                        h - +0 pair of gloves "Pangnostic Dismay" {Evo, Elem} (curse)
Will    .....                    (no boots) Stlth
                                 (no amulet)
HPRegen 0.26/turn                (no ring)
MPRegen 0.09/turn                (no ring)

@: confused, mighty, glowing, lightly drained
A: sense surroundings 1, otherworldly, glowing, explore regen
a: Renounce Religion, Shatter the Chains


You were on level 2 of the Dungeon.
You worshipped Ashenzari.
Ashenzari was aware of your devotion.
You visited 1 branch of the dungeon, and saw 2 of its levels.

You collected 69 gold pieces.

Inventory:

Hand Weapons
 a - a +0 long sword (weapon)
Armour
 b - the cursed +0 scale mail "At What Cost Knowledge?" (worn) {Melee, Cun}

   It has a curse which improves the following skills: Melee Combat: Short
   Blades, Long Blades, Axes, Maces & Flails, Polearms, Staves and Unarmed
   Combat.
   Cunning:   Dodging and Stealth.
 c - a +0 buckler (worn)
 h - the cursed +0 pair of gloves "Pangnostic Dismay" (worn) {Evo, Elem}
   (You found it on level 1 of the Dungeon)

   It has a curse which improves the following skills: Evocations: Evocations.
   Elements:  Fire Magic, Ice Magic, Air Magic and Earth Magic.
Jewellery
 e - a ring of magical power
Scrolls
 g - a scroll of identify
Potions
 f - a potion of mutation
 i - a potion of magic


   Skills:
 - Level 3.2 Fighting
 + Level 4.6(5.4) Long Blades
 - Level 3.6 Armour
 - Level 3.6 Shields


You had 3 spell levels left.
You didn't know any spells.
Your spell library contained the following spells:

 Spells                   Type           Power      Damage    Failure   Level
 Apportation              Tloc           0%         N/A       86%         1
 Beastly Appendage        Tmut           0%         N/A       86%         1
 Call Imp                 Summ           0%         N/A       94%         2
 Momentum Strike          Conj/Tloc      0%         3d8       94%         2
 Wereblood                Tmut           0%         N/A       94%         2
 Hailstorm                Conj/Ice       0%         3d3       99%         3
 Spider Form              Tmut/Pois      0%         N/A       99%         3
 Ice Form                 Ice/Tmut       0%         N/A       100%        4
 Simulacrum               Ice/Necr       0%         N/A       100%        6
 Malign Gateway           Summ/Tloc      0%         N/A       100%        7
 Monstrous Menagerie      Summ           0%         N/A       100%        7


Dungeon Overview and Level Annotations

Branches:
Dungeon (2/15) Zot: 535

Altars:
Ashenzari

Annotations:
D:2 Robin


Innate Abilities, Weirdness & Mutations

You passively map a small area around you.
You are easily found by Zot.
You glow in the dark.
You regain HP and MP as you explore.


Message History

You closely miss the goblin. The goblin closely misses you.
The goblin completely misses you.
You closely miss the goblin. You block the goblin's attack.
The goblin barely misses you.
You slash the goblin!
You kill the goblin!
The goblin hits you but does no damage. Robin throws the goblin at you!
You barely miss the goblin. You block the goblin's attack. x2
The goblin hits you with a +0 club.
* * * LOW HITPOINT WARNING * * *
The goblin hits you with a +0 dagger of draining.
* * * LOW HITPOINT WARNING * * *
You feel drained.
You slash the goblin!
You kill the goblin!
The goblin hits you but does no damage. Robin throws the goblin at you!
Items here: )))).
You slash the goblin!
You kill the goblin!
The goblin hits you but does no damage.
You have reached level 4!
You hit the goblin.
You kill the goblin!
Robin says, "Duck!"
Robin zaps a wand.
The bolt of light hits the jackal!!
The jackal dies!
The bolt of light hits you.
* * * LOW HITPOINT WARNING * * *
You aren't carrying any items that you can evoke.
Okay, then.
The jackal stops to sniff the ground.
Robin throws the goblin at you!
Things that are here:
a +0 club; a goblin corpse You slash the goblin!
You kill the goblin!
Robin zaps a wand.
The bolt of light hits you!
You are confused.
You die...

** ### , #.# *
* #.# , ,
#############.#
* ** * * *
#.............#
#)###########.#
* *## #)# ...
#.# , ..#@#
....* #.# *
#####.#)#
.....* #.#
......#g##.....
#.#
###?...h.......
#[# *
......>........
#.# , *
####..!....####
#.# *
,...$..#†####
#.####
,##..#.#.#
#.....
....#.#.#
######


You could see Robin and a jackal.

Vanquished Creatures
  A gnoll (D:1)
  2 worms (D:2)
  5 endoplasms
  9 goblins (D:2)
  3 hobgoblins
  2 ball pythons
  A kobold (D:1)
  A rat (D:1)
24 creatures vanquished.

Vanquished Creatures (others)
  A jackal (D:2)
1 creature vanquished.

Grand Total: 25 creatures vanquished

Notes
Turn   | Place    | Note
-------+----------+-------------------------------------------
     0 | D:1      | lunkers the Meteoran Fighter began the quest for the Orb.
     0 | D:1      | Reached XP level 1. HP: 19/19 MP: 2/2
   185 | D:1      | Found a faded altar of an unknown god.
   194 | D:1      | Got Veodin's Spellbook of the Gathered Geodesic
   196 | D:1      | Prayed at the altar of an unknown god.
   196 | D:1      | Became a worshipper of Ashenzari the Shackled
   258 | D:1      | Reached skill level 3 in Long Blades
   258 | D:1      | Reached XP level 2. HP: 26/26 MP: 3/3
   309 | D:1      | Reached XP level 3. HP: 22/31 MP: 4/4
   465 | D:2      | Reached skill level 4 in Long Blades
   579 | D:2      | Reached * piety under Ashenzari
   620 | D:2      | Identified the +1 helmet "Nuag" {Will+ Str+2}
   620 | D:2      | Noticed Robin
   647 | D:2      | Reached XP level 4. HP: 8/37 MP: 5/5
   649 | D:2      | Killed from afar by Robin

Illustrated notes

Levels and vault maps discovered:
D:1:      ncdulo_lavacross, layout_basic, ebering_ecumenical_altar_petrified,
          minmay_misc_feat_doors, hex_large, minivault_23
D:2:      layout_basic, minmay_pentomino_v2, uniq_sigmund, uniq_robin

Skill      XL: |  1  2  3 |
---------------+----------+-----
Long Blades    | 3 4 |  4.6
Fighting       | |  3.2
Armour         | |  3.6
Shields        | |  3.6

Action                     |  1- 3 |  4- 6 || total
---------------------------+-------+-------++-------
  Melee: Long sword        |    66 |     2 ||    68
 Invoke: Curse Item        |     2 |       ||     2
    Use: Potion            |     1 |       ||     1
 Armour: Scale mail        |    28 |     1 ||    29
  Dodge: Dodged            |    30 |       ||    30
  Block: Buckler           |    16 |       ||    16

Table legend: (Time is in decaauts)
 A = Elapsed time spent in this place.
 B = Non-inter-level travel time spent in this place.
 C = Inter-level travel time spent in this place.
 D = Time resting spent in this place.
 E = Time spent auto-exploring this place.
 F = Levels seen in this place.
 G = Mean time per level.
                   A        B        C        D        E       F      G
               +--------+--------+--------+--------+--------+-----+--------+
         Total |    663 |    633 |     30 |      0 |    467 |   2 |  331.5 |
       Dungeon |    663 |    633 |     30 |      0 |    467 |   2 |  331.5 |
               +--------+--------+--------+--------+--------+-----+--------+

Top non-repeatable levels by time:
     D:1: 458 daAuts
     D:2: 205 daAuts
